Map: Ascension to Aiur LE

Players

Menelaos

  • Race: Protoss Protoss
  • League: Platinum
  • Spawn Location: 11:00

Watchling - Winner!

  • Race: Zerg Zerg
  • Spawn Location: 5:00

VOD

Have the link to the VOD?

Description

Time

  • Played on: July 9, 2017, 4:17 p.m.
  • Length: 12:16
Show
View Real Time Build Order
Export as new Build Order

Menelaos Protoss 

Build Orders: 1 Gate Expand 

Get SALT Encoding   

  12  0:01  Probe (Chrono Boost)  
  13  0:11  Probe (Chrono Boost)  
  14  0:19  Pylon  
  14  0:22  Probe (Chrono Boost)  
  15  0:37  Probe (Chrono Boost)  
  15  0:41  Gateway  
  16  0:48  Probe (Chrono Boost)  
  17  0:58  Probe (Chrono Boost)  
  18  1:09  Probe (Chrono Boost)  
  19  1:19  Nexus  
  19  1:25  Assimilator  
  19  1:31  Probe (Chrono Boost)  
  20  1:39  Cybernetics Core  
  20  1:44  Pylon  
  20  1:47  Zealot  
  20  1:53  Probe (Chrono Boost)  
  23  2:03  Probe (Chrono Boost)  
  24  2:11  Assimilator  
  24  2:14  Probe (Chrono Boost)  
  25  2:25  Probe (Chrono Boost)  
  26  2:35  Probe (Chrono Boost)  
  27  2:37  Warp Gate  
  27  2:39  Adept  
  27  2:41  Probe (Chrono Boost)  
  30  2:46  Probe (Chrono Boost)  
  31  2:51  Probe (Chrono Boost)  
  31  2:53  Pylon  
  31  2:56  Probe (Chrono Boost)  
  33  3:02  Probe (Chrono Boost)  
  34  3:06  Probe (Chrono Boost)  
  34  3:09  Adept (Chrono Boost)  
  34  3:12  Probe  
  38  3:15  Mothership Core  
  40  3:20  Pylon  
  40  3:24  Probe  
  41  3:34  Probe  
  41  3:36  Probe  
  43  3:43  Stargate  
  43  3:45  Probe  
  44  3:48  Probe  
  44  3:50  Adept (Chrono Boost)  
  44  3:51  Pylon  
  44  3:55  Probe  
  47  3:57  Assimilator  
  47  4:01  Assimilator, Probe  
  49  4:14  Adept (Chrono Boost)  
  51  4:22  Robotics Facility  
  51  4:28  Gateway  
  51  4:31  Gateway  
  51  4:37  Stalker (Chrono Boost)  
  51  4:38  Void Ray (Chrono Boost)  
  57  4:51  Forge  
  57  4:52  Gateway  
  57  5:00  Stargate  
  57  5:02  Probe  
  57  5:03  Probe  
  59  5:12  Probe  
  58  5:29  Stalker x2  
  58  5:35  Void Ray (Chrono Boost)  
  64  5:48  Immortal  
  68  5:52  Probe  
  67  6:05  Sentry  
  67  6:17  Void Ray (Chrono Boost)  
  69  6:24  Pylon  
  69  6:30  Protoss Ground Weapons Level 1  
  69  6:41  Nexus  
  69  6:43  Pylon  
  69  6:44  Mothership Core  
  70  6:57  Pylon  
  70  6:59  Pylon  
  70  7:03  Pylon  
  70  7:15  Immortal  
  78  7:18  Stalker x4  
  78  7:21  Void Ray (Chrono Boost)  
  86  7:23  Pylon  
  86  7:24  Pylon  
  86  7:29  Void Ray (Chrono Boost)  
  90  7:36  Nexus  
  90  7:37  Pylon  
  90  7:54  Immortal  
  98  7:59  Stalker  
  98  8:00  Stalker x3  
  98  8:04  Void Ray (Chrono Boost)  
  106  8:09  Probe  
  106  8:10  Pylon, Probe  
  108  8:13  Pylon  
  108  8:15  Pylon  
  108  8:19  Probe  
  108  8:25  Photon Cannon  
  109  8:29  Pylon  
  109  8:30  Probe  
  109  8:31  Probe  
  109  8:32  Protoss Shields Level 1 (Chrono Boost)  
  111  8:37  Sentry x2  
  115  8:54  Probe  
  115  8:56  Probe  
  117  9:16  Assimilator  
  117  9:18  Fleet Beacon  
  117  9:21  Assimilator  
  117  9:28  Protoss Air Weapons Level 1 (Chrono Boost)  
  117  9:33  Probe  
  117  9:35  Probe  
  117  9:37  Void Ray (Chrono Boost)  
  123  9:38  Probe  
  123  9:45  Probe  
  123  10:02  Twilight Council  
  123  10:04  Carrier (Chrono Boost)  
  129  10:14  Probe  
  129  10:15  Pylon, Probe, Nexus  
  129  10:19  Carrier (Chrono Boost)  
  129  10:21  Pylon  
  137  10:32  Stargate  
  137  10:33  Pylon  
  137  10:41  Pylon  
  137  10:44  Pylon  
  137  10:48  Zealot x2  
  137  10:49  Zealot x2  
  114  11:17  Stalker  
  114  11:18  Stalker x3  
  92  11:50  Stalker x3  
  86  12:06  Zealot  
Show
View Real Time Build Order
Export as new Build Order

Watchling Zerg - Winner!

Build Orders: Hatch First, Ravager All-In 

Get SALT Encoding   

  12  0:01  Drone  
  13  0:12  Overlord  
  13  0:18  Drone  
  14  0:30  Drone x2  
  14  0:34  Drone  
  17  0:45  Drone  
  18  0:56  Hatchery  
  17  0:59  Drone  
  18  1:13  Spawning Pool  
  18  1:15  Drone  
  18  1:18  Drone  
  19  1:21  Extractor  
  19  1:24  Extractor  
  17  1:30  Drone  
  18  1:39  Drone  
  19  1:49  Drone  
  20  2:01  Queen  
  20  2:05  Overlord  
  22  2:10  Zergling x2  
  22  2:13  Drone  
  22  2:14  Queen  
  26  2:33  Drone x2  
  26  2:34  Drone  
  29  2:37  Roach Warren  
  28  2:58  Drone x5  
  33  3:12  Overlord x2  
  33  3:36  Roach x2  
  33  3:37  Roach x4  
  45  3:43  Overlord  
  45  3:59  Roach x2  
  45  4:00  Roach  
  51  4:03  Drone x2  
  54  4:17  Ravager x6  
  54  4:22  Drone  
  54  4:23  Overlord x2  
  60  4:29  Overlord  
  60  4:39  Spine Crawler  
  60  4:42  Drone  
  60  4:43  Hatchery, Spine Crawler  
  60  4:44  Zergling x2  
  60  4:45  Zergling x2  
  60  5:03  Lair  
  60  5:05  Drone x4  
  60  5:06  Drone  
  66  5:14  Drone x4  
  67  5:33  Zergling x2  
  67  5:34  Zergling x14  
  69  6:00  Drone x6  
  75  6:13  Queen  
  77  6:21  Drone  
  77  6:22  Drone x8  
  86  6:28  Spore Crawler, Extractor  
  86  6:31  Extractor  
  83  6:33  Spore Crawler  
  83  6:39  Spore Crawler  
  81  6:41  Overlord  
  81  6:42  Overlord  
  81  6:56  Spire  
  81  7:00  Hydralisk Den  
  79  7:04  Extractor  
  79  7:06  Extractor  
  77  7:14  Overlord  
  77  7:15  Overlord  
  76  7:16  Hatchery  
  76  7:20  Drone x3  
  76  7:21  Drone x3  
  81  7:32  Evolution Chamber  
  81  7:33  Evolution Chamber  
  79  7:41  Muscular Augments  
  79  7:44  Drone x3  
  79  7:53  Zergling x2  
  79  7:54  Zergling x24  
  90  8:03  Hydralisk x5  
  100  8:09  Corruptor  
  99  8:22  Overlord x2  
  99  8:26  Overseer  
  99  8:30  Queen  
  99  8:32  Drone x8  
  99  8:33  Corruptor x5  
  119  8:42  Baneling Nest  
  118  8:52  Corruptor x4  
  126  9:20  Hydralisk  
  126  9:21  Hydralisk x5, Roach  
  126  9:22  Roach x2  
  144  9:37  Baneling x9  
  144  9:41  Overlord x4  
  143  10:04  Drone x2  
  143  10:05  Drone x2, Corruptor x3  
  153  10:21  Metabolic Boost  
  153  10:27  Overlord x2  
  153  10:29  Roach x7  
  153  10:30  Roach x4  
  175  10:48  Corruptor  
  175  10:49  Corruptor x2  
  175  11:07  Zergling x2  
  175  11:08  Zergling x34  
  166  11:22  Zergling x14  
  173  11:29  Spine Crawler  
  173  11:32  Spine Crawler  
  154  11:45  Zergling x14  
  154  11:46  Zergling x2  
  142  12:10  Spine Crawler  
  142  12:12  Spine Crawler  
Tags
 
Add a new tag
Caveats
  • Supply blocks, unpowered buildings, or Contaminate may cause inaccurate times.
  • Supply counts are checked every 10 seconds.